 Dungeon Crawl Stone Soup version 0.29.1-1-gd02db6906a (webtiles) character file.

Game seed: 13099515675171684512

86 NullDivider the Sneak (level 4, -2/27 HPs)
             Began as an Octopode Hedge Wizard on Sept 22, 2022.
             Slain by a goblin
             ... wielding a +0 club
             ... led by Robin
              (7 damage)
             ... on level 2 of the Dungeon.
             The game lasted 00:09:06 (1894 turns).

NullDivider the Sneak (Octopode Hedge Wizard)       Turns: 1894, Time: 00:09:06

Health: -2/27      AC:  1    Str:  9    XL:     4   Next: 50%
Magic:  5/9        EV: 14    Int: 16    God:
Gold:   92         SH:  0    Dex: 19    Spells: 4/10 levels left

rFire   . . .      SeeInvis .   a - +0 dagger
rCold   . . .      Faith    .   (no shield)
rNeg    . . .      Spirit   .   b - +0 hat
rPois   .          Reflect  .   (no amulet)
rElec   .          Harm     .   j - +6 ring of dexterity
rCorr   .          Rampage  .   (no ring)
Will    .....                   (no ring)
Stlth   ++++......              (no ring)
HPRegen 0.09/turn               (no ring)
MPRegen 0.11/turn               (no ring)
                                (no ring)
                                (no ring)

@: on blink cooldown, very slightly contaminated
A: almost no armour, amphibious, 8 rings, camouflage 1, gelatinous body 1,
(nimble swimmer 1), tentacles
a: no special abilities


You were on level 2 of the Dungeon.
You visited 1 branch of the dungeon, and saw 2 of its levels.

You collected 92 gold pieces.

Inventory:

Hand Weapons
 a - a +0 dagger (weapon)
Armour
 b - a +0 hat (worn)
Jewellery
 j - a +6 ring of dexterity (left tentacle)
Scrolls
 d - a scroll of blinking {unknown}
 e - a scroll of vulnerability {unknown}
 g - 2 scrolls of amnesia {unknown}
 h - 2 scrolls of identify {unknown}
 m - a scroll of acquirement {unknown}
 n - 2 scrolls of enchant weapon {unknown}
 o - a scroll of torment {unknown}
 p - a scroll of summoning {unknown}
 q - 2 scrolls of noise {unknown}
Potions
 c - a potion of magic
 f - a potion of might {unknown}
 i - a potion of berserk rage {unknown}
 k - a potion of haste {unknown}
 l - 2 potions of brilliance {unknown}
 r - 2 potions of lignification {unknown}


   Skills:
 * Level 1.7 Short Blades
 + Level 2.2 Dodging
 * Level 3.7 Stealth
 * Level 3.5 Spellcasting
 + Level 1.4 Conjurations
 + Level 1.5 Summonings
 + Level 1.3 Translocations


You had 4 spell levels left.
You knew the following spells:

 Your Spells              Type           Power      Damage    Failure   Level
a - Magic Dart            Conj           28%        1d4       10%         1
b - Call Imp              Summ           7%         N/A       14%         2
c - Blink                 Tloc           14%        N/A       16%         2
d - Shock                 Conj/Air       20%        1d4       13%         1

Your spell library contained the following spells:

 Spells                   Type           Power      Damage    Failure   Level
 Freeze                   Ice            8%         1d3       19%         1
 Slow                     Hex            8%         N/A       19%         1
 Conjure Flame            Conj/Fire      5%         6-21      36%         3
 Mephitic Cloud           Conj/Pois/Air  4%         N/A       41%         3
 Frozen Ramparts          Ice            4%         1d1       47%         3
 Swiftness                Air            2%         N/A       47%         3
 Hailstorm                Conj/Ice       5%         3d4       78%         4
 Airstrike                Air            1%         2d(1-17)  87%         4
 Irradiate                Conj/Tmut      2%         3d12      98%         5
 Blade Hands              Tmut           1%         N/A       99%         5
 Dragon Form              Tmut           1%         N/A       100%        7


Dungeon Overview and Level Annotations

Branches:
Dungeon (2/15)

Altars:

Annotations:
D:2 1 runed translucent door, Crazy Yiuf, Robin


Innate Abilities, Weirdness & Mutations

You cannot wear most types of armour.
You are amphibious.
You can wear up to eight rings at the same time.
Your skin changes colour to match your surroundings (Stealth+).
Your rubbery body absorbs attacks. (AC +1, EV +1)
((You are camouflaged when in or above water. (Stealth+)))
You have tentacles for arms and can constrict up to eight enemies at once.


Message History

You kill the goblin!
The goblin shouts! x2; The hobgoblin shouts!
Robin shouts!
The goblin shouts! x4
Casting: Shock (safe; 14% risk of failure)
Confirm with . or Enter, or press ? or * to list all spells.
Okay, then.
The goblin shouts!
You hit Robin. You grab Robin.
Robin is lightly wounded.
You constrict Robin, but do no damage. The goblin misses you.
The goblin hits you with a +0 dagger.
Robin roars a battlecry!
The goblins go into a battle-frenzy!
You hit Robin but do no damage.
Robin is lightly wounded.
You constrict Robin. The goblin hits you with a +0 club.
The goblin barely misses you. Robin hits you with a +0 club.
You hit Robin.
Robin is moderately wounded.
You constrict Robin. The goblin barely misses you.
The goblin hits you with a +0 dagger. Robin hits you with a +0 club.
You closely miss the goblin. You grab the goblin. You squeeze the goblin.
You kill the goblin!
You constrict Robin. The goblin hits you with a +0 dagger.
* * * LOW HITPOINT WARNING * * *
Robin closely misses you.
Casting: Shock (safe; 13% risk of failure)
Confirm with . or Enter, or press ? or * to list all spells.
You miscast Blink.
You are very lightly contaminated with residual magic.
Nothing appears to happen.
You constrict Robin. The hobgoblin hits you.
* * * LOW HITPOINT WARNING * * *
The goblin barely misses you.
Robin says, "My army is invincible!"
Robin closely misses you.
Casting: Blink (safe; 16% risk of failure)
Confirm with . or Enter, or press ? or * to list all spells.
You blink.
You lose your grip on Robin.
The goblin hits you with a +0 club.
* * * LOW HITPOINT WARNING * * *
The goblin hits you with a +0 club!
You die...

.##..#####..#.....#
####....##'####'####+#.
#..#.#.............#
#####.#................
#.....................#
#........#'####§####+#.
#)....)..#..#g)gg.#
#........#..#.gggg#
.........####.gg@.#
#.......[# #.....# ..
#........# +..!..+ ...
##.......####+###+####..
####)##.....# ....
.....###....# ..#
............# ####.#
..#.###.#.#.# ##.†.#
.#..###.#..†###....#


You could see Robin, a hobgoblin (strong) and 7 goblins.

Vanquished Creatures
  4 adders (D:2)
  3 dart slugs (D:1)
  6 ball pythons
  6 bats
  2 endoplasms
  3 giant cockroaches
  A hobgoblin (D:1)
  3 quokkas
  A frilled lizard (D:1)
  7 goblins
  3 kobolds (D:2)
  3 rats
42 creatures vanquished.

Notes
Turn   | Place    | Note
-------+----------+-------------------------------------------
     0 | D:1      | NullDivider the Octopode Hedge Wizard began the quest for
                  | the Orb.
     0 | D:1      | Reached XP level 1. HP: 11/11 MP: 4/4
     2 | D:1      | Noticed an ogre
     2 | D:1      | Noticed a gargoyle
     4 | D:1      | Noticed a demonspawn
     4 | D:1      | Noticed a palentonga
     6 | D:1      | Noticed an elf
     6 | D:1      | Noticed a demigod
     8 | D:1      | Noticed a naga
     8 | D:1      | Noticed a minotaur
    10 | D:1      | Noticed a felid
    10 | D:1      | Noticed a vampire
    12 | D:1      | Noticed a draconian
    14 | D:1      | Noticed a ghoul
    14 | D:1      | Noticed a troll
    16 | D:1      | Noticed an octopode
    18 | D:1      | Noticed a formicid
    18 | D:1      | Noticed a merfolk
    20 | D:1      | Noticed a human
    20 | D:1      | Noticed a vine stalker
    22 | D:1      | Noticed a spriggan
    24 | D:1      | Noticed a meteoran
    24 | D:1      | Noticed a palentonga
    26 | D:1      | Noticed an ogre
    26 | D:1      | Noticed a spriggan
   189 | D:1      | Reached XP level 2. HP: 17/17 MP: 6/6
   251 | D:1      | Learned a level 2 spell: Call Imp
   254 | D:1      | Learned a level 2 spell: Blink
   322 | D:1      | Reached skill level 1 in Short Blades
   744 | D:1      | Reached XP level 3. HP: 21/21 MP: 7/7
  1441 | D:2      | Reached XP level 4. HP: 27/27 MP: 9/9
  1447 | D:2      | Found a runed translucent door.
  1448 | D:2      | Noticed Crazy Yiuf
  1560 | D:2      | Learned a level 1 spell: Shock
  1886 | D:2      | Noticed Robin
  1894 | D:2      | Slain by a goblin

Illustrated notes

Levels and vault maps discovered:
D:1:      kb_arrival_jail, layout_loops_corners, dreamdust_princess_corridor,
          hangedman_abyss_or_decor_lesser_grid
D:2:      layout_rooms, minmay_snake_closets, uniq_crazy_yiuf_cottage,
          uniq_robin

Skill      XL: |  1  2 |
---------------+-------+-----
Stealth        | 3 |  3.7
Short Blades   | 1 |  1.7
Dodging        | |  2.2
Spellcasting   | |  3.5
Conjurations   | |  1.4
Summonings     | |  1.5
Translocations | |  1.3

Action                   |  1- 3 |  4- 6 || total
-------------------------+-------+-------++-------
Melee: Dagger            |    61 |    14 ||    75
       Constrict         |    19 |     3 ||    22
       Tentacles         |    10 |     3 ||    13
       Punch             |     1 |       ||     1
 Cast: Magic Dart        |     2 |     4 ||     6
       Blink             |       |     1 ||     1
       Shock             |       |     1 ||     1
 Stab: Sleeping          |    11 |     5 ||    16
Armor: Skin              |     5 |       ||     5
Dodge: Dodged            |    36 |     9 ||    45
